 Seeded DCSS version 0.24.1-14-gf8d2b509d9 (webtiles) character file.

Game seed: 5544954002654523302, levelgen mode: deterministic

68 karrick the Cutter (level 4, 27/27 HPs)
             Began as a Gargoyle Gladiator on Oct 21, 2020.
             Quit the game on level 3 of the Dungeon.
             The game lasted 00:02:14 (1704 turns).

karrick the Cutter (Gargoyle Gladiator)             Turns: 1704, Time: 00:02:15

Health: 27/27      AC:  8    Str: 18    XL:     4   Next: 19%
Magic:  4/4        EV: 11    Int:  9    God:
Gold:   107        SH:  0    Dex:  9    Spells: 3/3 levels left

rFire    . . .     SeeInvis .   i - +4 whip
rCold    . . .     Gourm    .   j - -2 buckler (curse)
rNeg     + . .     Faith    .   b - +0 leather armour
rPois    ∞         Spirit   .   m - +1 helmet
rElec    +         Reflect  .   (no cloak)
rCorr    .         Harm     .   (no gloves)
MR       .....                  (no boots)
Stlth    +.........             (no amulet)
HPRegen  0.09/turn              p - -2 ring of dexterity (curse)
MPRegen  0.09/turn              (no ring)

@: no status effects
A: negative energy resistance 1, electricity resistance, unbreathing,
petrification resistance, rot immunity, AC +3
a: no special abilities


You were on level 3 of the Dungeon.
You were hungry.

You visited 1 branch of the dungeon, and saw 3 of its levels.

You collected 107 gold pieces.

Inventory:

Hand Weapons
 a - a +0 rapier
 i - a +4 whip (weapon)
Missiles
 d - 3 throwing nets (quivered)
Armour
 b - a +0 leather armour (worn)
 j - a cursed -2 buckler (worn)
 m - a +1 helmet (worn)
Jewellery
 p - a cursed -2 ring of dexterity (left hand)
Wands
 q - a wand of scattershot (5)
Scrolls
 c - a scroll of remove curse {unknown}
 e - 4 scrolls of identify {unknown}
 h - a scroll of random uselessness {unknown}
 k - 2 scrolls of fear {unknown}
 l - a scroll of teleportation {unknown}
 o - a scroll of immolation {unknown}
Potions
 g - a potion of agility {unknown}
Comestibles
 f - 9 rations


   Skills:
 + Level 2.7 Fighting
 + Level 3.2 Short Blades
 + Level 1.2 Maces & Flails
 - Level 1.8 Throwing
 * Level 1.4 Armour
 - Level 2.5 Dodging
 * Level 1.4 Stealth


You had 3 spell levels left.
You didn't know any spells.
Your spell library was empty.

Dungeon Overview and Level Annotations

Branches:
Dungeon (3/15)

Altars:
Gozag
Makhleb


Innate Abilities, Weirdness & Mutations

You are resistant to torment.
Your stone body is resilient. (AC +3)
You are immune to poison.
You resist negative energy. (rN+)
You are resistant to electric shocks. (rElec)
You can survive without breathing.
You are immune to petrification.
You are immune to rotting.


Message History

No target in view!
No target in view!
No target in view!
No target in view!
No target in view!
No target in view!
No target in view!
No target in view!
No target in view!
No target in view!
You now have 96 gold pieces (gained 7).
You now have 107 gold pieces (gained 11).
f - 8 rations (gained 1)
Found a short sword.
Found an escape hatch in the ceiling.
You are feeling hungry.
f - 9 rations (gained 1)
You see here a pair of gloves.
Found an escape hatch in the floor.
Found a stone staircase leading up.
Are you sure you want to abandon this character and quit the game? (Confirm with "yes".)

#..#..........# ##...#........
...#..........# #.###........
...##.####...## ##.###........
......# #.#.## #...##........
.....## #.#..# ####...##........
....######.##.###......##........
........................#........
....######..###..................
....# #...##.@........########
....# #.[..#..........# ....#
#....#..........# ....#
#....#..........# ....#
#....##.....>..## .).##
#....##........# (.##
######.......... ### .....<..>


There were no monsters in sight!

Vanquished Creatures
  An adder (D:2)
  A worm (D:3)
  A dart slug (D:2)
  2 leopard geckos (D:1)
  2 ball pythons (D:1)
  7 bats
  2 giant cockroaches
  5 goblins
  3 hobgoblins
  5 jackals
  6 kobolds
  2 quokkas (D:2)
  7 frilled lizards
  5 rats
49 creatures vanquished.

Notes
Turn   | Place    | Note
-------+----------+-------------------------------------------
     0 | D:1      | karrick the Gargoyle Gladiator began the quest for the Orb.
     0 | D:1      | Reached XP level 1. HP: 12/12 MP: 1/1
   287 | D:1      | Reached skill level 3 in Short Blades
   287 | D:1      | Reached XP level 2. HP: 18/18 MP: 2/2
   570 | D:1      | Reached skill level 1 in Stealth
   653 | D:1      | Reached XP level 3. HP: 22/22 MP: 3/3
   997 | D:2      | Reached skill level 1 in Armour
  1034 | D:2      | Found an opulent altar of Gozag.
  1178 | D:2      | Reached skill level 1 in Maces & Flails
  1194 | D:2      | Reached XP level 4. HP: 16/27 MP: 4/4
  1428 | D:3      | Found a burning altar of Makhleb.
  1704 | D:3      | Quit the game

Levels and vault maps discovered:
D:1:      zaba_arrival_water, layout_basic, kennysheep_decorative_pillar,
          minmay_liquid_box, minmay_misc_feat_rugged
D:2:      layout_rooms, serial_glass, glass_columns_a, glass_columns_a,
          glass_columns_a, glass_columns_a, glass_columns_b,
          grunt_gozag_breadcrumbs
D:3:      layout_rooms, bloody_makhleb

Skill      XL: |  1  2  3 |
---------------+----------+-----
Short Blades   | 3 |  3.2
Stealth        | 1 |  1.4
Armour         | 1 |  1.4
Maces & Flails | 1 |  1.2
Fighting       | |  2.7
Throwing       | |  1.8
Dodging        | |  2.5

Action                   |  1- 3 |  4- 6 || total
-------------------------+-------+-------++-------
Melee: Rapier            |    44 |       ||    44
       Whip              |    92 |    27 ||   119
  Eat: Chunk             |     1 |     1 ||     2
Armor: Leather armour    |    70 |    13 ||    83
Dodge: Dodged            |    78 |    15 ||    93
Block: Buckler           |     1 |       ||     1
